 Dungeon Crawl Stone Soup version 0.28-a0-43-g560ac104fe (webtiles) character file.

Game seed: 286278323439041038

3467 Lekart the Carver (level 9, -8/73 (78) HPs)
             Began as a Red Draconian Fighter on July 28, 2021.
             Mangled by a wight (11 damage)
             ... on level 7 of the Dungeon.
             The game lasted 00:08:40 (7405 turns).

Lekart the Carver (Red Draconian Fighter)           Turns: 7405, Time: 00:08:41

HP:   -8/73 (78)    AC:  8    Str: 22    XL:     9   Next: 78%
MP:   9/9           EV: 12    Int:  9    God:
Gold: 286           SH: 10    Dex: 10    Spells: 8/8 levels left

rFire   + . .      SeeInvis .   a - +2 long sword (flame)
rCold   . . .      Faith    .   b - +0 kite shield
rNeg    . . .      Spirit   .   (armour unavailable)
rPois   .          Reflect  .   (helmet restricted)
rElec   .          Harm     .   (no cloak)
rCorr   .          Rampage  .   n - +0 pair of gloves
Will    .....                   (no boots)
Stlth   ++........              (no amulet)
HPRegen 0.22/turn               (no ring)
MPRegen 0.11/turn               (no ring)

@: slowed, drained, very slow
A: breathe fire, AC +7, unfitting armour, fire resistance 1, cold-blooded
a: Breathe Fire


You were on level 7 of the Dungeon.
You visited 1 branch of the dungeon, and saw 7 of its levels.

You collected 328 gold pieces.
You spent 42 gold pieces at shops.

Inventory:

Hand Weapons
 a - a +2 long sword of flaming (weapon)
Missiles
 o - a throwing net (quivered)
Armour
 b - a +0 kite shield (worn)
 n - a +0 pair of gloves (worn)
Wands
 g - a wand of charming (4)
 k - a wand of iceblast (8)
 l - a wand of paralysis (5)
 m - a wand of digging (4)
Scrolls
 d - a scroll of blinking
 e - 2 scrolls of teleportation
 f - 2 scrolls of magic mapping
 i - a scroll of amnesia
 j - a scroll of torment {unknown}
 q - 2 scrolls of fear
Potions
 c - a potion of might
 h - 3 potions of magic


   Skills:
 + Level 6.8 Fighting
 + Level 9.0 Long Blades
 + Level 6.6 Dodging
 + Level 3.1 Stealth
 + Level 6.6 Shields


You had 8 spell levels left.
You didn't know any spells.
Your spell library contained the following spells:

 Spells                   Type           Power      Damage    Failure   Level
 Corona                   Hex            0%         N/A       75%         1
 Shock                    Conj/Air       0%         1d3       75%         1
 Summon Small Mammal      Summ           0%         N/A       75%         1
 Corpse Rot               Necr/Air       N/A        N/A       87%         2
 Ensorcelled Hibernation  Hex/Ice        0%         N/A       87%         2
 Static Discharge         Conj/Air       0%         N/A       87%         2
 Call Canine Familiar     Summ           0%         N/A       98%         3
 Summon Guardian Golem    Hex/Summ       0%         N/A       98%         3
 Tukima's Dance           Hex            0%         N/A       98%         3
 Lightning Bolt           Conj/Air       0%         1d11      100%        5
 Iron Shot                Conj/Erth      0%         9d1       100%        6
 Storm Form               Tmut/Air       0%         N/A       100%        7
 Maxwell's Capacitive Co  Air            0%         ∞         100%        8


Dungeon Overview and Level Annotations

Branches:
Dungeon (7/15)             Temple (0/1) D:4

Altars:
Ashenzari
Cheibriados
Hepliaklqana
Nemelex Xobeh
Trog

Shops:
D:1 (   D:3 ?


Innate Abilities, Weirdness & Mutations

You can breathe blasts of fire.
Your fiery red scales are hard. (AC +7)
You cannot fit into any form of body armour.
Your flesh is heat resistant. (rF+)
You are cold-blooded and may be slowed by cold attacks.


Message History

You hit the wight but do no damage.
The wight hits you with a +5 dagger of freezing!
You feel drained. The wight freezes you. The wight closely misses you.
You riposte.
You slash the wight! You burn the wight.
The wight is almost destroyed.
You hit the wight but do no damage.
The wight is almost destroyed.
You block the wight's attack.
The wight hits you with a +4 great sword!
You completely miss the wight.
The wight is almost destroyed.
You hit the wight. You burn the wight.
You destroy the wight!
The wight hits you with a +5 dagger of freezing!
You feel yourself slow down. The wight freezes you.
You are too injured to fight recklessly!
You are too injured to fight recklessly!
You are too injured to fight recklessly!
You are too injured to fight recklessly!
You hit the wight but do no damage. You block the wight's attack.
The wight hits you with a +5 dagger of freezing!
You feel drained. The wight freezes you.
* * * LOW HITPOINT WARNING * * *
The wight barely misses you.
You hit the wight. You burn the wight.
The wight is heavily damaged.
You feel yourself speed up. You block the wight's attack.
The wight hits you with a +0 mace.
* * * LOW HITPOINT WARNING * * *
You feel drained.
* * * LOW HITPOINT WARNING * * *
The wight hits you with a +5 dagger of freezing!
* * * LOW HITPOINT WARNING * * *
You feel yourself slow down. The wight freezes you.
* * * LOW HITPOINT WARNING * * *
You block the wight's attack.
You hit the wight. You burn the wight.
The wight is almost destroyed.
The wight hits you with a +5 dagger of freezing!
You die...

......###..#.........
.........##.............
...!.........#..........
...........####.........
...........####......#..
#........>##...........
##....##...##......##...
.........<....##........
.##z@.......###.....#
#....z###....###......#
##.... #......#.......#
#.......#.....##...)...
#..............####.....
..............## ##....
....:...#.....# ###..
#...... ....( ###


You could see 2 wights.

Vanquished Creatures
  Pikel (D:4)
  The ghost of Essalna the Zephyrmancer, a novice TeAE of Vehumet (D:6)
  Grinder (D:5)
  Edmund (D:6)
  3 water moccasins
  An orc warrior (D:6)
  3 black bears
  A phantom (D:5)
  2 centaurs
  A gnoll sergeant (D:6)
  A bullfrog (D:4)
  A water moccasin zombie (D:5)
  A water moccasin skeleton (D:5)
  7 wights
  A howler monkey (D:5)
  2 bullfrog zombies
  A hound (D:5)
  3 orc priests
  2 centaur skeletons
  2 gnoll shamans (D:5)
  2 orc wizards
  Ijyb (D:5)
  4 iguanas
  Natasha (D:3)
  A scorpion zombie (D:3)
  A hound skeleton (D:5)
  A howler monkey zombie (D:5)
  8 gnolls
  5 adders
  2 shadow imps
  4 white imps (D:5)
  An ufetubus (D:5)
  3 dart slugs
  18 orcs
  7 ball pythons
  4 endoplasms
  A giant cockroach (D:2)
  4 goblins
  6 hobgoblins
  3 jackals
  A kobold (D:1)
  2 quokkas
116 creatures vanquished.

Notes
Turn   | Place    | Note
-------+----------+-------------------------------------------
     0 | D:1      | Lekart the Draconian Fighter began the quest for the Orb.
     0 | D:1      | Reached XP level 1. HP: 19/19 MP: 1/1
    72 | D:1      | Found Nysi Zesini's Antique Weapon Shoppe.
   383 | D:1      | Reached XP level 2. HP: 26/26 MP: 2/2
   554 | D:1      | Found a faded altar of an unknown god.
  1003 | D:2      | Reached XP level 3. HP: 29/31 MP: 3/3
  1652 | D:3      | Got the Tome of Feathers and Clay
  1662 | D:3      | Reached XP level 4. HP: 38/40 MP: 4/4
  1774 | D:3      | Found Ohuuwn's Magic Scroll Shoppe.
  1783 | D:3      | Bought a scroll of teleportation for 42 gold pieces
  1970 | D:3      | Noticed Natasha
  1976 | D:3      | Killed Natasha
  1977 | D:3      | Reached skill level 1 in Stealth
  2173 | D:4      | Noticed Pikel
  2173 | D:4      | Noticed a lemure
  2173 | D:4      | Noticed a lemure
  2174 | D:4      | Noticed a lemure
  2174 | D:4      | Noticed a lemure
  2182 | D:4      | Killed Pikel
  2183 | D:4      | Reached skill level 4 in Long Blades
  2183 | D:4      | Reached XP level 5. HP: 15/47 MP: 5/5
  2183 | D:4      | Reached XP level 6. HP: 17/53 MP: 6/6
  2183 | D:4      | Your scales start taking on a fiery red colour.
  2183 | D:4      | Reached XP level 7. HP: 19/60 MP: 7/7
  2183 | D:4      | Gained mutation: Your flesh is heat resistant. (rF+) [Red
                  | Draconian growth]
  2469 | D:4      | Reached skill level 5 in Long Blades
  2619 | D:4      | Found a bloodstained altar of Trog.
  2620 | D:4      | Found a snail-covered altar of Cheibriados.
  2722 | D:4      | Paralysed by an orc for 2 turns
  2956 | D:4      | Found a staircase to the Ecumenical Temple.
  3177 | D:5      | Entered Level 5 of the Dungeon
  3471 | D:5      | Noticed Ijyb
  3480 | D:5      | Killed Ijyb
  4003 | D:5      | Reached skill level 5 in Fighting
  4003 | D:5      | Reached skill level 6 in Long Blades
  4003 | D:5      | Reached XP level 8. HP: 65/68 MP: 8/8
  4071 | D:5      | Reached skill level 5 in Dodging
  4286 | D:5      | Reached skill level 5 in Shields
  4688 | D:5      | Reached skill level 7 in Long Blades
  4769 | D:5      | Found a sparkling altar of Nemelex Xobeh.
  4785 | D:5      | Noticed Grinder
  4791 | D:5      | Paralysed by Grinder for 7 turns
  4800 | D:5      | Killed Grinder
  5159 | D:6      | Found a runed translucent door.
  5159 | D:6      | Noticed Essalna's ghost (novice TeAE)
  5290 | D:6      | Killed Essalna's ghost
  5291 | D:6      | Reached XP level 9. HP: 62/75 MP: 9/9
  5458 | D:6      | Found a broken altar of Ashenzari.
  5481 | D:6      | Reached skill level 8 in Long Blades
  6790 | D:6      | Noticed Edmund
  6807 | D:6      | Killed Edmund
  7119 | D:6      | Found a hazy altar of Hepliaklqana.
  7394 | D:7      | Reached skill level 9 in Long Blades
  7404 | D:7      | HP: 3/73 [wight (5)]
  7405 | D:7      | Mangled by a wight

Illustrated notes

Levels and vault maps discovered:
D:1:      lightli_arrival_statue_moat, layout_basic,
          dreamdust_ecumenical_altar_statues, serial_shops, nicolae_shop_stone,
          nrook_uturn
D:2:      layout_basic
D:3:      layout_basic, serial_shops, nicolae_shop_trees, uniq_natasha
D:4:      layout_basic, mainiacjoe_overflow_divided_tiny,
          minmay_temple_entry_butterflies, uniq_pikel
D:5:      minmay_thinvault, layout_rooms, mainiacjoe_overflow_alcove_2,
          uniq_ijyb, uniq_grinder
D:6:      layout_rooms, worldfamousw_hep_ancestral_shrine,
          general_overflow_altar, gammafunk_ghost_grave, minmay_parallelograms,
          grunt_decor_mini_mirrors, uniq_edmund
D:7:      layout_cave_pools, uniq_maggie

Skill      XL: |  1  2  3  4  5  6  7  8  9 |
---------------+----------------------------+-----
Dodging        | 3 4 5 6 |  6.6
Stealth        | 2 3 |  3.1
Fighting       | 4 5 6 |  6.8
Long Blades    | 4 6 7 9 |  9.0
Shields        | 4 5 6 |  6.6

Action                   |  1- 3 |  4- 6 |  7- 9 || total
-------------------------+-------+-------+-------++-------
Melee: Long sword        |    71 |    14 |   290 ||   375
       Tailslap          |    11 |     3 |    41 ||    55
 Abil: Breathe Fire      |       |       |    13 ||    13
  Use: Scroll            |     7 |       |     4 ||    11
       Potion            |     2 |       |     4 ||     6
 Stab: Sleeping          |     2 |       |       ||     2
Armor: Skin              |    16 |     7 |   102 ||   125
Dodge: Dodged            |    35 |     8 |   157 ||   200
Block: Kite shield       |    32 |     8 |   193 ||   233
       Rpst.: Long sword |    11 |     1 |    46 ||    58

Table legend: (Time is in decaauts)
 A = Elapsed time spent in this place.
 B = Non-inter-level travel time spent in this place.
 C = Inter-level travel time spent in this place.
 D = Time resting spent in this place.
 E = Time spent auto-exploring this place.
 F = Levels seen in this place.
 G = Mean time per level.
                   A        B        C        D        E       F      G
               +--------+--------+--------+--------+--------+-----+--------+
         Total |   7540 |   7399 |    141 |   1792 |   4554 |   7 | 1077.1 |
       Dungeon |   7540 |   7399 |    141 |   1792 |   4554 |   7 | 1077.1 |
               +--------+--------+--------+--------+--------+-----+--------+

Top non-repeatable levels by time:
     D:5: 2144 daAuts
     D:6: 2075 daAuts
     D:4: 1038 daAuts
     D:2: 826 daAuts
     D:3: 722 daAuts
     D:1: 651 daAuts
     D:7: 82 daAuts
